[Event "Titled Tuesday Blitz December 13 Early 2022"]
[White "Weetik, Vjacheslav"]
[Black "Rosenberg, Evan S"]
[WhiteFideId "4153472"]
[BlackFideId "2019299"]
[WhiteElo "2469"]
[BlackElo "2406"]
[Result "0-1"]
[Round "02"]
[TimeControl "180+1"]
[Date "2022.12.14"]
[WhiteClock "0:00:02"]
[BlackClock "0:00:03"]

1. d4 d5 2. Nf3 Bf5 3. c4 e6 4. Nc3 Nf6 5. cxd5 exd5 6. Bg5 c6 7. e3 Nbd7 8. Bd3 Bxd3 9. Qxd3 Bd6 10. Bh4 O-O 11. Bg3 Qe7 12. O-O Rfe8 13. Rab1 Bxg3 14. hxg3 Ne4 15. Nd2 f5 16. Rfe1 g6 17. Ne2 Ndf6 18. Nf4 g5 19. Nh3 h6 20. b4 Nxd2 21. Qxd2 Ne4 22. Qc2 Rf8 23. b5 Rac8 24. bxc6 Rxc6 25. Qb3 Rd6 26. Qxb7 Rd7 27. Qa6 Rf6 28. Rb8+ Kg7 29. Qa5 Qd6 30. Ra8 Rff7 31. Rb1 Qc7 32. Qa6 Rf6 33. Qa3 Qc2 34. Rc1 Qd2 35. Rcc8 Kg6 36. Qb3 Qe1+ 37. Kh2 Nxf2 38. Nxf2 Qxf2 39. g4 fxg4 40. Qd3+ Rf5 41. Rf8 g3+ 42. Kh3 g4+ 43. Kxg4 h5+ 44. Kh3 Rf7 45. Rxf7 Kxf7 46. Rxa7+ Kf6 47. Ra6+ Kg5 48. Ra8 Qf1 49. Rg8+ Kh6 50. Kxg3 Qxd3 0-1


[Site "https://www.chess.com"]

[Event "Titled Tuesday Blitz December 13 Early 2022"]
[White "Winterberg, Lukas"]
[Black "Hoffmann, Asa"]
[WhiteFideId "24622702"]
[BlackFideId "2001470"]
[WhiteElo "2350"]
[BlackElo "2117"]
[Result "1-0"]
[Round "02"]
[TimeControl "180+1"]
[Date "2022.12.14"]
[WhiteClock "0:01:00"]
[BlackClock "0:00:12"]

1. e4 d6 2. f4 c6 3. Nf3 Bg4 4. h3 Bxf3 5. Qxf3 g6 6. Nc3 Bg7 7. a4 Na6 8. Bc4 e6 9. O-O d5 10. exd5 cxd5 11. Bb5+ Kf8 12. b3 Ne7 13. Ba3 Rc8 14. g4 Nc5 15. f5 gxf5 16. Rae1 a6 17. Bd3 Nxd3 18. Qxd3 Qc7 19. gxf5 Bxc3 20. fxe6 Rg8+ 21. Kh1 Rg3 22. Rxf7+ Ke8 23. Qxh7 Rg1+ 24. Rxg1 1-0


[Site "https://www.chess.com"]

[Event "Titled Tuesday Blitz December 13 Early 2022"]
[White "Xiong, Jeffery"]
[Black "Iskusnyh, Sergei"]
[WhiteFideId "2047640"]
[BlackFideId "4120027"]
[WhiteElo "2726"]
[BlackElo "2492"]
[Result "1-0"]
[Round "02"]
[TimeControl "180+1"]
[Date "2022.12.13"]
[WhiteClock "0:01:57"]
[BlackClock "0:00:02"]

1. d4 d5 2. Nf3 Nf6 3. Bf4 c5 4. e3 Nc6 5. Nbd2 cxd4 6. exd4 Bg4 7. Nb3 e6 8. h3 Bh5 9. a4 Be7 10. Be2 O-O 11. O-O Rc8 12. c3 Ne4 13. Ne1 Bg6 14. Nd3 h6 15. a5 Bd6 16. Bxd6 Nxd6 17. a6 b6 18. Nf4 Bh7 19. Re1 Qg5 20. g3 Ne4 21. h4 Qf6 22. Bf3 Rfd8 23. Nd2 Nxd2 24. Qxd2 g5 25. hxg5 hxg5 26. Nh5 Qxf3 27. Qxg5+ Bg6 28. g4 Kf8 29. Re3 1-0


[Site "https://www.chess.com"]

[Event "Titled Tuesday Blitz December 13 Early 2022"]
[White "Xu, Yi"]
[Black "Taboas Rodriguez, Daniel"]
[WhiteFideId "8605564"]
[BlackFideId "2208466"]
[WhiteElo "2471"]
[BlackElo "2329"]
[Result "1-0"]
[Round "02"]
[TimeControl "180+1"]
[Date "2022.12.14"]
[WhiteClock "0:00:05"]
[BlackClock "0:00:02"]

1. e4 e5 2. Nf3 Nc6 3. Bc4 Nf6 4. d3 Bc5 5. O-O d6 6. c3 a6 7. a4 Ba7 8. Nbd2 O-O 9. h3 Be6 10. Bxe6 fxe6 11. b4 Ne7 12. Re1 Ng6 13. Nf1 Nh5 14. Ra2 Qf6 15. Bg5 Qf7 16. Be3 Nhf4 17. Bxa7 Rxa7 18. N1h2 Raa8 19. h4 Nxg2 20. Kxg2 Nf4+ 21. Kh1 Qh5 22. Rg1 Rf6 23. Rg3 Raf8 24. Qg1 Kh8 25. Rd2 Ng6 26. Rg5 Qh6 27. Ng4 Nxh4 28. Nxh6 Nxf3 29. Qg4 Nxg5 30. f4 Rxh6+ 31. Rh2 Rxf4 32. Qxg5 Rf1+ 33. Kg2 Rhf6 34. Qh4 h6 35. Rh1 R1f4 36. Qh5 Kh7 37. Rg1 Rg6+ 38. Kh1 Rgf6 39. Qh3 Rf3 40. Qg4 g6 41. Qh4 h5 42. Qg5 Rh3+ 43. Kg2 Rhf3 44. Kh2 Rf2+ 45. Rg2 R2f4 46. d4 exd4 47. cxd4 Kg7 48. e5 dxe5 49. dxe5 1-0


[Site "https://www.chess.com"]

[Event "Titled Tuesday Blitz December 13 Early 2022"]
[White "Yedidia, Daniel"]
[Black "Moiseenko, Alexander"]
[WhiteFideId "30905907"]
[BlackFideId "14102560"]
[WhiteElo "2556"]
[BlackElo "2577"]
[Result "0-1"]
[Round "02"]
[TimeControl "180+1"]
[Date "2022.12.14"]
[WhiteClock "0:00:08"]
[BlackClock "0:00:16"]

1. d4 Nf6 2. c4 e6 3. Nc3 Bb4 4. e3 b6 5. Ne2 Ne4 6. a3 Nxc3 7. Nxc3 Bxc3+ 8. bxc3 Bb7 9. Bd3 Bxg2 10. Rg1 Bb7 11. Rxg7 Qh4 12. Qg4 Qxg4 13. Rxg4 Nc6 14. e4 Na5 15. Bg5 Rg8 16. f3 Ba6 17. e5 h5 18. Rg3 Bxc4 19. Bh7 Rg7 20. Be4 Bd5 21. Bxd5 exd5 22. Kf2 Nc4 23. Rag1 d6 24. exd6 cxd6 25. Re1+ Kd7 26. Re7+ Kc6 27. Bc1 Rxg3 28. hxg3 f6 29. Rf7 Kb5 30. Rxf6 Ka4 31. g4 hxg4 32. fxg4 Nxa3 33. Rxd6 Nb5 34. Rxd5 Nxc3 35. Re5 Kb3 36. g5 a5 37. Bd2 b5 38. g6 a4 39. Bxc3 Kxc3 40. Rxb5 a3 41. Rb1 a2 42. Ra1 Kb2 43. Rxa2+ Kxa2 44. Ke3 Rg8 45. d5 Kb3 46. Kd4 Kb4 47. Ke5 Rxg6 48. d6 Kc5 49. d7 Rd6 0-1


[Site "https://www.chess.com"]

[Event "Titled Tuesday Blitz December 13 Early 2022"]
[White "Yeremyan, Alen"]
[Black "Zeman, Matyas"]
[WhiteFideId "13308998"]
[BlackFideId "364398"]
[WhiteElo "2159"]
[BlackElo "2254"]
[Result "0-1"]
[Round "02"]
[TimeControl "180+1"]
[Date "2022.12.14"]
[WhiteClock "0:02:18"]
[BlackClock "0:01:37"]

1. e4 e6 2. g3 d5 3. exd5 exd5 4. Bg2 Nf6 5. Ne2 Be7 6. O-O O-O 7. d4 Bg4 8. c3 Re8 9. h3 Bh5 10. g4 Bg6 11. Nf4 c6 12. Nxg6 hxg6 13. Nd2 Na6 14. f4 Nc7 15. f5 gxf5 16. Rxf5 Ne6 17. Rf1 Bd6 18. Nf3 Nf4 19. Ne5 Nxg2 20. Kxg2 Bxe5 21. dxe5 Rxe5 22. Bf4 Re6 23. g5 Ne4 24. Qh5 Rg6 25. h4 Qd7 26. Rae1 Re8 27. Rf3 Nf6 28. Rxe8+ Qxe8 29. Qxg6 fxg6 30. gxf6 Qe2+ 31. Rf2 Qe4+ 32. Kg3 gxf6 33. Bd6 Kf7 34. Bc5 b6 35. Bd4 f5 36. Rf4 Qe1+ 37. Rf2 c5 0-1


[Site "https://www.chess.com"]

[Event "Titled Tuesday Blitz December 13 Early 2022"]
[White "Yilmaz, Mustafa"]
[Black "Bazarov, Konstantin"]
[WhiteFideId "6302718"]
[BlackFideId "4137000"]
[WhiteElo "2564"]
[BlackElo "2228"]
[Result "1-0"]
[Round "02"]
[TimeControl "180+1"]
[Date "2022.12.13"]
[WhiteClock "0:00:07"]
[BlackClock "0:00:09"]

1. d4 Nf6 2. c4 b6 3. Nc3 Bb7 4. Qc2 d5 5. cxd5 Nxd5 6. Nf3 e6 7. e4 Nxc3 8. bxc3 Be7 9. Bb5+ c6 10. Bd3 c5 11. O-O cxd4 12. cxd4 O-O 13. Bb2 Nc6 14. a3 Rc8 15. Qe2 Na5 16. Rad1 Re8 17. d5 exd5 18. Bb5 Bc6 19. Ba6 Rb8 20. Ne5 Bf6 21. f4 Ba4 22. Rxd5 Qe7 23. Re1 Rbd8 24. Bd3 Rxd5 25. exd5 Qc5+ 26. Kh1 Qxd5 27. Be4 Qd6 28. Bxh7+ Kf8 29. Bb1 Bxe5 30. fxe5 Qe6 31. Qh5 g6 32. Qh8+ Ke7 33. Qh4+ Kf8 34. Qxa4 Kg8 35. Qf4 Nc4 36. Ba2 b5 37. Bxc4 bxc4 38. h3 Rc8 39. Bc3 Qd5 40. e6 Qf5 41. exf7+ Kxf7 42. Qe3 Rc7 43. Qe8# 1-0


[Site "https://www.chess.com"]

[Event "Titled Tuesday Blitz December 13 Early 2022"]
[White "Yirik, Volkan"]
[Black "Goryachkina, Aleksandra"]
[WhiteFideId "6300782"]
[BlackFideId "4147103"]
[WhiteElo "1902"]
[BlackElo "2484"]
[Result "0-1"]
[Round "02"]
[TimeControl "180+1"]
[Date "2022.12.14"]
[WhiteClock "0:01:01"]
[BlackClock "0:01:02"]

1. e4 c5 2. Nc3 e6 3. Bc4 a6 4. a4 Nc6 5. d3 Nf6 6. f4 d5 7. exd5 exd5 8. Ba2 Be7 9. Nf3 O-O 10. O-O h6 11. Ne5 Nb4 12. Bb3 Bd6 13. Ne2 Be6 14. c3 Nc6 15. d4 cxd4 16. cxd4 Bf5 17. Ng3 Bh7 18. Be3 Rc8 19. Nh5 Be4 20. Ba2 Re8 21. Bb1 Bxb1 22. Rxb1 Nb4 23. Bd2 Nc2 24. Nxf6+ Qxf6 25. Bc1 Nxd4 26. Kh1 Qf5 27. Be3 Nc2 28. Bg1 Nb4 29. Nd3 Qxd3 30. Qxd3 Nxd3 0-1


[Site "https://www.chess.com"]

[Event "Titled Tuesday Blitz December 13 Early 2022"]
[White "Zaichenko, Daria"]
[Black "Yurasova, Daria"]
[WhiteFideId "4197453"]
[BlackFideId "34146919"]
[WhiteElo "2039"]
[BlackElo "2098"]
[Result "1-0"]
[Round "02"]
[TimeControl "180+1"]
[Date "2022.12.14"]
[WhiteClock "0:02:13"]
[BlackClock "0:02:27"]

1. e4 e5 2. Nf3 Nc6 3. Bc4 Bc5 4. d3 Nf6 5. c3 d6 6. b4 Bb6 7. a4 a6 8. Nbd2 Ne7 9. Nf1 Ng6 10. Ng3 O-O 11. O-O Be6 12. Bb3 Re8 13. Be3 c6 14. Ng5 Bxb3 15. Qxb3 Rf8 16. Nf5 Ne7 17. Bxb6 1-0


[Site "https://www.chess.com"]

[Event "Titled Tuesday Blitz December 13 Early 2022"]
[White "Zhalmakhanov, Ramazan"]
[Black "Goroshkov, Maksym"]
[WhiteFideId "13706357"]
[BlackFideId "14142716"]
[WhiteElo "2432"]
[BlackElo "2258"]
[Result "1-0"]
[Round "02"]
[TimeControl "180+1"]
[Date "2022.12.13"]
[WhiteClock "0:01:04"]
[BlackClock "0:00:23"]

1. d4 Nf6 2. Nc3 d5 3. Bf4 c6 4. f3 e6 5. e4 Bb4 6. e5 Nfd7 7. Ne2 c5 8. a3 cxd4 9. axb4 dxc3 10. Nxc3 Nc6 11. b5 Ncxe5 12. Qd4 Qf6 13. O-O-O Ng6 14. Qxf6 Nxf6 15. Bd6 Bd7 16. h4 h5 17. Bd3 Ne7 18. Ne2 Nc8 19. Bb4 a6 20. bxa6 bxa6 21. Nd4 Nb6 22. b3 a5 23. Bc5 Nc8 24. Kd2 a4 25. Ra1 e5 26. Rhe1 e4 27. Bb5 Bxb5 28. Nxb5 Ra5 29. bxa4 Nd7 30. Bb4 Ndb6 31. Bxa5 Nc4+ 32. Kc3 Nxa5 33. fxe4 dxe4 34. Rxe4+ Kd7 35. Rd1+ Kc6 36. Kb4 Nb7 37. Rc4+ Kb6 38. Rd7 Re8 39. Rxc8 Rxc8 40. Rxb7+ Kxb7 41. Nd6+ Kc7 42. Nxc8 Kxc8 43. Kc5 Kc7 44. a5 Kb7 45. Kd6 Ka6 46. c4 Kxa5 47. c5 f5 48. c6 f4 49. c7 g5 50. c8=Q gxh4 51. Qc5+ Ka4 52. Qc4+ Ka3 53. Qxf4 Kb2 54. Qxh4 Kc2 55. Kd5 Kd3 56. Qg3+ Ke2 57. Qf3+ 1-0


[Site "https://www.chess.com"]

[Event "Titled Tuesday Blitz December 13 Early 2022"]
[White "Abdrlauf, Elham"]
[Black "Garv Gaur"]
[WhiteFideId "1533533"]
[BlackFideId "45030839"]
[WhiteElo "2454"]
[BlackElo "2056"]
[Result "1-0"]
[Round "03"]
[TimeControl "180+1"]
[Date "2022.12.14"]
[WhiteClock "0:00:13"]
[BlackClock "0:00:04"]

1. e4 c6 2. d4 d5 3. Nc3 dxe4 4. Nxe4 Bf5 5. Ng3 Bg6 6. h4 h6 7. Nf3 Nd7 8. h5 Bh7 9. Bd3 Bxd3 10. Qxd3 e6 11. Bd2 Ngf6 12. O-O-O Be7 13. Qe2 c5 14. Rhe1 O-O 15. Nf5 exf5 16. Qxe7 Ne4 17. Qxd8 Rfxd8 18. Be3 cxd4 19. Nxd4 f4 20. Bxf4 Nxf2 21. Rd2 Ng4 22. Nb5 a6 23. Bc7 axb5 24. Bxd8 Rxd8 25. Rd5 Ngf6 26. Rxb5 b6 27. a4 Rc8 28. b4 Ra8 29. a5 bxa5 30. Rxa5 Rb8 31. c3 Nb6 32. Kc2 Nfd5 33. Kb3 Nf4 34. Rb5 Nfd5 35. c4 Nc7 36. Ra5 Ne6 37. Rea1 Nd4+ 38. Kc3 Ne2+ 39. Kd2 Nd4 40. Kc3 Ne2+ 41. Kd3 Nf4+ 42. Ke4 Ne6 43. c5 Ng5+ 44. Kf5 Nd5 45. Ra8 Rxa8 46. Rxa8+ Kh7 47. b5 Nc7 48. b6 g6+ 49. hxg6+ fxg6+ 50. Kg4 Nce6 51. Ra7+ Kg8 52. b7 1-0


[Site "https://www.chess.com"]

[Event "Titled Tuesday Blitz December 13 Early 2022"]
[White "Agasarov, Benik"]
[Black "Ibarra Jerez, Jose Carlos"]
[WhiteFideId "13314823"]
[BlackFideId "2226332"]
[WhiteElo "2179"]
[BlackElo "2638"]
[Result "1-0"]
[Round "03"]
[TimeControl "180+1"]
[Date "2022.12.13"]
[WhiteClock "0:00:15"]
[BlackClock "0:00:02"]

1. d4 Nf6 2. c4 d6 3. Nc3 e5 4. Nf3 e4 5. Nd2 Qe7 6. e3 Bf5 7. Be2 h5 8. d5 g6 9. b4 a5 10. bxa5 Bg7 11. Bb2 O-O 12. Nb3 Nbd7 13. Nb5 Ne5 14. c5 Bg4 15. O-O Nd3 16. cxd6 cxd6 17. Ba3 Bxe2 18. Qxe2 Qd7 19. Nxd6 Qa4 20. Nxe4 Qxe4 21. Bxf8 Rxf8 22. f3 Qf5 23. e4 Nf4 24. Qd2 Qg5 25. g3 Nh3+ 26. Kg2 Qxd2+ 27. Nxd2 Ng5 28. Rab1 Ra8 29. h4 Ngh7 30. Nc4 Ra7 31. Rb5 Nd7 32. Rfb1 Ne5 33. Rxb7 Rxb7 34. Rxb7 Nxc4 35. Rb8+ Nf8 36. a6 Bd4 37. Rb4 Ne3+ 38. Kf2 Bc5 39. Rb5 Bd4 40. Ke2 Nc4 41. Rb4 Ba7 42. Rxc4 Nd7 43. Rc7 1-0


[Site "https://www.chess.com"]

[Event "Titled Tuesday Blitz December 13 Early 2022"]
[White "Aggelis, Nikolaos"]
[Black "Barria Zuniga, Daniel"]
[WhiteFideId "4213220"]
[BlackFideId "3400816"]
[WhiteElo "2189"]
[BlackElo "2414"]
[Result "1-0"]
[Round "03"]
[TimeControl "180+1"]
[Date "2022.12.14"]
[WhiteClock "0:01:42"]
[BlackClock "0:01:18"]

1. d4 g6 2. Nf3 Bg7 3. g3 c5 4. Bg2 cxd4 5. Nxd4 Nc6 6. Nxc6 bxc6 7. c4 Nf6 8. O-O O-O 9. Nc3 Ba6 10. Qa4 Qb6 11. Rb1 Bb7 12. Be3 c5 13. Bxb7 Qxb7 14. Bxc5 d6 15. Bd4 Rfc8 16. Rfd1 a5 17. b3 h5 18. Qb5 Qc7 19. Nd5 Nxd5 20. Qxd5 a4 21. Bxg7 Kxg7 22. Rd3 axb3 23. axb3 Ra2 24. Re3 Qa7 25. Rd1 Rc7 26. Qd4+ Qxd4 27. Rxd4 Rb2 28. h3 Ra7 29. Kg2 Raa2 30. Kf3 Rc2 31. Rxe7 Rab2 32. Re3 f5 33. h4 1-0


[Site "https://www.chess.com"]

[Event "Titled Tuesday Blitz December 13 Early 2022"]
[White "Alahakoon, Isuru"]
[Black "Rodriguez Fontecha, Marcos"]
[WhiteFideId "9900993"]
[BlackFideId "2256576"]
[WhiteElo "2004"]
[BlackElo "2263"]
[Result "0-1"]
[Round "03"]
[TimeControl "180+1"]
[Date "2022.12.14"]
[WhiteClock "0:00:08"]
[BlackClock "0:00:08"]

1. Nf3 d5 2. e3 Nf6 3. c4 g6 4. cxd5 Nxd5 5. e4 Nb6 6. d4 Bg7 7. Nc3 c5 8. d5 e6 9. Bb5+ Bd7 10. dxe6 fxe6 11. Bg5 Bf6 12. Bh6 Bxc3+ 13. bxc3 Bxb5 14. Qb3 Bc4 15. Qc2 Qd3 16. Qxd3 Bxd3 17. Ng5 Nc6 18. Nxe6 Kf7 19. Nxc5 Bc4 20. a4 Rhe8 21. f3 Rad8 22. Nxb7 Rd3 23. a5 Nc8 24. Kf2 Re5 25. Rhd1 Rb5 26. a6 Rb2+ 27. Kg3 Bxa6 28. Rxd3 Bxd3 29. Rd1 Rxb7 30. Rxd3 a5 31. Rd6 N8e7 32. Bg5 Ra7 33. Bc1 a4 34. Ba3 Ne5 35. Rd4 N7c6 36. Rd5 Nc4 37. Bc1 a3 38. Bxa3 Rxa3 39. Rc5 N6a5 40. Rc7+ Kg8 41. h4 Rxc3 42. Kf4 Rb3 43. g4 Rb7 44. Rc8+ Kf7 45. Rc5 Re7 46. h5 Ra7 47. hxg6+ hxg6 48. Kg5 Nd2 49. e5 Nxf3+ 50. Kf4 Nd4 51. Rc8 Ne6+ 52. Ke4 Nb7 53. Kd5 Nbc5 54. Rc6 Rd7+ 55. Kc4 Rd4+ 56. Kc3 Rxg4 57. Rc8 g5 58. Rc6 Re4 59. Rc8 Rxe5 60. Rh8 g4 61. Rh1 Rg5 62. Rf1+ Kg6 63. Rg1 g3 64. Kd2 Ne4+ 65. Ke2 g2 66. Kf3 Nd2+ 67. Kf2 Ne4+ 68. Kf3 Nd2+ 69. Ke2 Nd4+ 70. Kxd2 Nf3+ 71. Ke2 Nxg1+ 72. Kf2 Nh3+ 0-1


[Site "https://www.chess.com"]

[Event "Titled Tuesday Blitz December 13 Early 2022"]
[White "Albertini, Luca"]
[Black "Perera Alfonso, Rene Humberto"]
[WhiteFideId "847038"]
[BlackFideId "3514722"]
[WhiteElo "2207"]
[BlackElo "2313"]
[Result "0-1"]
[Round "03"]
[TimeControl "180+1"]
[Date "2022.12.14"]
[WhiteClock "0:00:03"]
[BlackClock "0:01:02"]

1. e4 c5 2. Nf3 d6 3. Bb5+ Nc6 4. d4 cxd4 5. Nxd4 Bd7 6. Bxc6 bxc6 7. Nc3 e5 8. Nb3 Be7 9. O-O Nf6 10. f4 O-O 11. f5 a5 12. g4 a4 13. Nd2 d5 14. g5 Nxe4 15. Ndxe4 dxe4 16. Nxe4 f6 17. g6 Qb6+ 18. Kg2 Qd4 19. Qxd4 exd4 20. gxh7+ Kxh7 21. Ng3 c5 22. Bf4 Bc6+ 23. Kh3 Rfe8 24. Rfe1 Bf8 25. Kg4 Bd5 26. Bc7 Rxe1 27. Rxe1 Bxa2 28. Nh5 Bf7 29. Nf4 Rc8 30. Ba5 Rb8 31. Nd3 c4 32. Nf4 Rxb2 33. Re4 Bc5 34. h4 Rxc2 35. Ne6 Bxe6 36. fxe6 a3 37. Bb6 a2 38. Bxc5 a1=Q 39. e7 Qg1+ 40. Kf5 Rf2+ 41. Ke6 Qg4+ 42. Kf7 Qxe4 43. e8=Q Qg6+ 44. Kf8 Re2 0-1


[Site "https://www.chess.com"]

[Event "Titled Tuesday Blitz December 13 Early 2022"]
[White "Aldokhin, Ivan"]
[Black "Dudzinski, Pawel"]
[WhiteFideId "24115720"]
[BlackFideId "1117890"]
[WhiteElo "2313"]
[BlackElo "2099"]
[Result "1-0"]
[Round "03"]
[TimeControl "180+1"]
[Date "2022.12.14"]
[WhiteClock "0:00:42"]
[BlackClock "0:00:50"]

1. e4 c6 2. Nc3 d5 3. d4 g6 4. Nf3 Bg7 5. h3 Nf6 6. e5 Ne4 7. Nxe4 dxe4 8. Ng5 c5 9. Bc4 O-O 10. c3 cxd4 11. cxd4 Nc6 12. Be3 Qa5+ 13. Kf1 h6 14. Nxe4 Bf5 15. Ng3 Be6 16. Bxe6 fxe6 17. Qg4 Qb5+ 18. Kg1 Qxb2 19. Kh2 Kf7 20. Rab1 Qxa2 21. Rxb7 Rad8 22. Qf3+ Kg8 23. Qxc6 Rf7 24. Rhb1 a5 25. Rb8 Rxb8 26. Rxb8+ Kh7 27. Ne4 a4 28. Nc3 Qc2 29. Qxe6 Qxc3 30. Qxf7 1-0


[Site "https://www.chess.com"]

[Event "Titled Tuesday Blitz December 13 Early 2022"]
[White "Alexakis, Dimitris"]
[Black "Deac, Bogdan-Daniel"]
[WhiteFideId "4277023"]
[BlackFideId "1226380"]
[WhiteElo "2470"]
[BlackElo "2649"]
[Result "1-0"]
[Round "03"]
[TimeControl "180+1"]
[Date "2022.12.13"]
[WhiteClock "0:00:15"]
[BlackClock "0:00:04"]

1. e4 c6 2. d4 d5 3. Nd2 a6 4. c3 g6 5. Ngf3 Bg4 6. Bd3 Bg7 7. h3 Bxf3 8. Qxf3 e6 9. h4 h5 10. Qg3 Ne7 11. Nf3 Nd7 12. Ng5 Nf6 13. f3 Nh7 14. Bf4 Nxg5 15. hxg5 Qb6 16. b4 O-O-O 17. a4 Bxd4 18. cxd4 Qxb4+ 19. Ke2 Qb2+ 20. Bd2 Qxd4 21. Rab1 dxe4 22. fxe4 Rd7 23. Rb4 Qa7 24. Be3 c5 25. Rc1 Rc7 26. Qe5 Rd8 27. Bxc5 Qa8 28. Bxe7 Rxc1 29. Bxd8 b5 30. Ba5 Qc6 31. axb5 Qd7 32. Rc4+ Rxc4 33. Bxc4 Qe7 34. Qc7+ Qxc7 35. Bxc7 axb5 36. Bxb5 Kxc7 37. Be8 Kd6 38. Bxf7 Ke5 39. Bxg6 Kf4 40. Bxh5 Kxg5 41. Bf3 1-0


[Site "https://www.chess.com"]

[Event "Titled Tuesday Blitz December 13 Early 2022"]
[White "Aloma Vidal, Robert"]
[Black "Sai Han Thiha"]
[WhiteFideId "2260409"]
[BlackFideId "13012290"]
[WhiteElo "2435"]
[BlackElo "1954"]
[Result "1-0"]
[Round "03"]
[TimeControl "180+1"]
[Date "2022.12.14"]
[WhiteClock "0:00:11"]
[BlackClock "0:00:03"]

1. e4 c6 2. d4 d5 3. e5 Bf5 4. Nf3 e6 5. Be2 Nd7 6. O-O h6 7. a4 Ne7 8. a5 g5 9. b4 Bg7 10. c3 f6 11. exf6 Bxf6 12. Bd3 Qc7 13. Re1 Kf7 14. Ra2 Rae8 15. Rae2 Ng6 16. h3 b6 17. axb6 axb6 18. Na3 Qd6 19. Qc2 Bxd3 20. Qxd3 Re7 21. c4 Rhe8 22. c5 Qc7 23. Nc2 b5 24. Nh2 e5 25. Ng4 Kg7 26. Qf5 Rf8 27. dxe5 Ndxe5 28. Nxe5 Rxe5 29. Rxe5 Bxe5 30. Qd3 Qf7 31. Re2 Qf5 32. Qxf5 Rxf5 33. g3 Rf3 34. Kg2 Rb3 35. Bd2 Kf6 36. Ne1 Bd4 37. Nf3 Ba1 38. Re1 Bb2 39. Rb1 d4 40. Nxd4 Rd3 41. Rxb2 Rxd4 42. Bc3 Ke5 43. Rd2 1-0


[Site "https://www.chess.com"]

[Event "Titled Tuesday Blitz December 13 Early 2022"]
[White "Ambartsumova, Karina"]
[Black "Valle Maytin, Luis Enrique"]
[WhiteFideId "4166299"]
[BlackFideId "3503666"]
[WhiteElo "2319"]
[BlackElo "2225"]
[Result "1-0"]
[Round "03"]
[TimeControl "180+1"]
[Date "2022.12.14"]
[WhiteClock "0:00:57"]
[BlackClock "0:00:22"]

1. Nf3 Nf6 2. d4 d5 3. c4 e6 4. Nc3 Bb4 5. Qa4+ Nc6 6. e3 O-O 7. Bd2 a6 8. Qc2 Be7 9. a3 dxc4 10. Bxc4 b5 11. Bd3 Bb7 12. O-O Na5 13. e4 Nc4 14. e5 Nd5 15. Bxh7+ Kh8 16. Be4 c5 17. dxc5 Bxc5 18. Bg5 Qb6 19. Nxd5 exd5 20. Bf5 d4 21. Qe2 Qc6 22. Ne1 g6 23. Bf6+ Kh7 24. Qh5+ Kg8 1-0


[Site "https://www.chess.com"]

[Event "Titled Tuesday Blitz December 13 Early 2022"]
[White "Andreev, Konstantin"]
[Black "Artemenko, Oleg"]
[WhiteFideId "24239305"]
[BlackFideId "14201798"]
[WhiteElo "2106"]
[BlackElo "2287"]
[Result "0-1"]
[Round "03"]
[TimeControl "180+1"]
[Date "2022.12.14"]
[WhiteClock "0:00:16"]
[BlackClock "0:00:48"]

1. e4 e6 2. d4 d5 3. Nc3 Nf6 4. e5 Nfd7 5. f4 c5 6. Nf3 Nc6 7. Be3 Qb6 8. Qd2 Qxb2 9. Rb1 Qa3 10. Be2 c4 11. Nb5 c3 12. Nxc3 a6 13. O-O g6 14. h3 Be7 15. Bd3 b5 16. Ne2 Nb6 17. Rb3 Qa5 18. c3 Nc4 19. Bxc4 dxc4 20. Rbb1 Bb7 21. Ng3 O-O-O 22. Qc2 Bf8 23. Ng5 Qc7 24. a4 b4 25. Qe2 h6 26. N5e4 bxc3 27. Qxc4 Nxd4 28. Qxc3 Bxe4 29. Qxc7+ Kxc7 30. Nxe4 Ba3 31. Ra1 Bb2 32. Rab1 Rb8 33. Rf2 Nf5 34. Rfxb2 Rxb2 35. Rxb2 Nxe3 36. Kf2 Nd1+ 0-1


[Site "https://www.chess.com"]

[Event "Titled Tuesday Blitz December 13 Early 2022"]
[White "Andreikin, Dmitry"]
[Black "Gareyev, Timur"]
[WhiteFideId "4158814"]
[BlackFideId "14200937"]
[WhiteElo "2735"]
[BlackElo "2553"]
[Result "1-0"]
[Round "03"]
[TimeControl "180+1"]
[Date "2022.12.13"]
[WhiteClock "0:00:16"]
[BlackClock "0:00:07"]

1. d4 d6 2. e4 g6 3. Nc3 a6 4. h4 h5 5. Bg5 Bg7 6. Qd2 Nd7 7. O-O-O b5 8. e5 Bb7 9. Nf3 Nb6 10. e6 f5 11. Rh3 Nh6 12. Ne2 Nd5 13. Nf4 Nxf4 14. Bxf4 Ng4 15. Ng5 O-O 16. f3 Nf6 17. Rg3 Qe8 18. Bd3 Nd5 19. Nf7 Rxf7 20. exf7+ Qxf7 21. Bh6 Bh8 22. Rg5 Bxd4 23. Bxf5 Be3 24. Rxg6+ Kh8 25. Bxe3 Qxf5 26. Rg5 Qe6 27. Bd4+ 1-0


[Site "https://www.chess.com"]

[Event "Titled Tuesday Blitz December 13 Early 2022"]
[White "Ansh M Shah"]
[Black "Baruch, Liam"]
[WhiteFideId "25033379"]
[BlackFideId "14322064"]
[WhiteElo "2084"]
[BlackElo "1946"]
[Result "1-0"]
[Round "03"]
[TimeControl "180+1"]
[Date "2022.12.14"]
[WhiteClock "0:01:53"]
[BlackClock "0:01:23"]

1. d4 d5 2. c4 e6 3. g3 Nf6 4. Bg2 Be7 5. Nf3 O-O 6. O-O dxc4 7. Qc2 a6 8. a4 Bd7 9. Nbd2 Bc6 10. Nxc4 Nbd7 11. Bf4 Be4 12. Qc1 Nd5 13. Nfe5 Bxg2 14. Kxg2 Nxf4+ 15. Qxf4 Nxe5 16. Nxe5 Qd5+ 17. Kg1 Bd6 18. Rfd1 f6 19. e4 Qb3 20. Qf3 Qxb2 21. Nc4 Qc2 22. Rdc1 Qxc1+ 23. Rxc1 Be7 24. Na5 Bb4 25. Nxb7 1-0


[Site "https://www.chess.com"]

[Event "Titled Tuesday Blitz December 13 Early 2022"]
[White "Aradhya, Garg"]
[Black "Abasov, Nijat"]
[WhiteFideId "25006746"]
[BlackFideId "13402960"]
[WhiteElo "2278"]
[BlackElo "2546"]
[Result "1/2-1/2"]
[Round "03"]
[TimeControl "180+1"]
[Date "2022.12.13"]
[WhiteClock "0:00:26"]
[BlackClock "0:00:11"]

1. d4 Nf6 2. c4 e6 3. Nf3 b6 4. g3 Bb7 5. Bg2 Be7 6. O-O O-O 7. Nc3 Ne4 8. Bd2 f5 9. Rc1 Bf6 10. d5 Na6 11. a3 c6 12. dxe6 dxe6 13. Qc2 Nxd2 14. Nxd2 Qe7 15. b4 Rad8 16. Rfd1 g6 17. Nb3 Rxd1+ 18. Rxd1 Rd8 19. Rd3 Kf7 20. h4 Nb8 21. c5 Ba6 22. Re3 Qd7 23. a4 Bc4 24. b5 cxb5 25. axb5 Bxc3 26. Rxc3 Bxb3 27. Qxb3 Qd1+ 28. Qxd1 Rxd1+ 29. Kh2 bxc5 30. Rxc5 Ke7 31. e4 Rd2 32. Kg1 Rd1+ 33. Kh2 Rd2 34. exf5 gxf5 35. f4 Nd7 36. Rc7 Ra2 37. Kh3 Kd6 38. Rc6+ Ke7 39. Rc7 Kd6 40. Rc6+ Ke7 41. Rc7 1/2-1/2


[Site "https://www.chess.com"]

[Event "Titled Tuesday Blitz December 13 Early 2022"]
[White "Asavasaetakul, Chawit"]
[Black "Piorun, Kacper"]
[WhiteFideId "6204856"]
[BlackFideId "1130420"]
[WhiteElo "1919"]
[BlackElo "2572"]
[Result "0-1"]
[Round "03"]
[TimeControl "180+1"]
[Date "2022.12.13"]
[WhiteClock "0:00:20"]
[BlackClock "0:00:05"]

1. e4 d5 2. exd5 Qxd5 3. Nc3 Qd8 4. d4 Nf6 5. Nf3 g6 6. Bc4 Bg7 7. O-O O-O 8. h3 a6 9. Re1 b5 10. Bb3 Bb7 11. Bg5 Nc6 12. a3 h6 13. Bh4 g5 14. Bg3 Na5 15. Ba2 e6 16. Ne5 Rc8 17. b4 Nc6 18. Nxc6 Bxc6 19. Qd3 Nh5 20. Rad1 Nxg3 21. Qxg3 Qd6 22. Qe3 Rcd8 23. Ne4 Qe7 24. c3 Bd5 25. Bb1 a5 26. Nc5 axb4 27. axb4 c6 28. Qd3 f5 29. Nxe6 Bxe6 30. Ba2 Rf6 31. Qe2 Re8 32. d5 cxd5 33. Qxb5 Kh8 34. Bxd5 Qf7 35. Bxe6 Rfxe6 36. Rxe6 Rxe6 37. Qb8+ Kh7 38. c4 Qe7 39. Kf1 Re4 40. Qb5 Qe6 41. c5 Rd4 42. Rxd4 Bxd4 43. Qd3 Be5 44. g4 Kg6 45. b5 Kf6 46. gxf5 Qxf5 47. Qxf5+ Kxf5 48. Ke2 Ke6 49. Kf3 Kd5 50. c6 Kc5 51. Ke4 Bc7 52. Kf5 Kxb5 53. Kg6 Kxc6 54. Kxh6 Bd8 55. Kh5 Kd5 56. Kg4 Ke4 57. f3+ Ke3 58. Kg3 Bc7+ 59. Kg4 Bd8 60. Kg3 Ke2 61. f4 Bc7 62. Kg4 gxf4 63. h4 Ke3 64. h5 f3 65. h6 Be5 66. Kf5 Ba1 67. h7 f2 0-1


[Site "https://www.chess.com"]